 Dungeon Crawl Stone Soup version 0.23-a0-760-g92239d2 (webtiles) character file.

17 JaketheDog the Insei (level 2, -8/28 HPs)
             Began as a Golem Monk on May 10, 2019.
             Mangled by a centaur (10 damage)
             ... on level 2 of the Dungeon.
             The game lasted 00:01:14 (190 turns).

JaketheDog the Insei (Golem Monk)                    Turns: 190, Time: 00:01:14

Health: -8/28      AC:  7    Str: 20    XL:     2   Next: 30%
Magic:  2/2        EV: 11    Int: 20    God:
Gold:   4          SH:  0    Dex: 20    Spells: 1/1 levels left

rFire    . . .     SeeInvis .     - Unarmed
rCold    . . .     Gourm    .   (shield unavailable)
rNeg     + + +     Faith    .   (armour unavailable)
rPois    ∞         Spirit   .   (helmet unavailable)
rElec    .         Reflect  .   (cloak unavailable)
rCorr    .         Harm     .   (gloves unavailable)
MR       .....                  (boots unavailable)
Stlth    ++........             (amulet unavailable)
HPRegen  0.09/turn              (ring unavailable)
MPRegen  0.08/turn              (ring unavailable)

@: no status effects
A: large, negative energy resistance 3, torment resistance, unbreathing, rot
immunity, AC +7
a: no special abilities


You were on level 2 of the Dungeon.
You were not hungry.

You visited 1 branch of the dungeon, and saw 2 of its levels.

You collected 4 gold pieces.

Inventory:

Potions
 a - a potion of brilliance {unknown}
 b - a potion of curing {unknown}


   Skills:
 + Level 3.2 Fighting
 + Level 3.0 Dodging
 + Level 1.7 Stealth
 + Level 3.7 Unarmed Combat


You had one spell level left.
You didn't know any spells.
Your spell library was empty.

Dungeon Overview and Level Annotations

Branches:
Dungeon (2/15)

Altars:


Innate Abilities, Weirdness & Mutations

You cannot use equipment.
You do not eat.
Your clay body is tough. (AC +7)
You are immune to poison.
You are immune to negative energy. (rN+++)
You are immune to unholy pain and torment.
You can survive without breathing.
You are immune to rotting.


Message History

You closely miss the bat. You punch the bat.
You kill the bat!
A centaur comes into view.
Found 4 gold pieces.
You now have 4 gold pieces.
The centaur is too close now for your liking.
A centaur is nearby!
You see here a viscous emerald potion.
The centaur shouts!
The centaur hits you but does no damage.
You hit the centaur but do no damage. The centaur closely misses you.
You hit the centaur but do no damage.
The centaur hits you but does no damage.
The centaur hits you!
* * * LOW HITPOINT WARNING * * *
You closely miss the centaur. The centaur barely misses you.
You barely miss the centaur. The centaur hits you.
* * * LOW HITPOINT WARNING * * *
You closely miss the centaur. The centaur hits you!
You die...

....# #...# .#
#...# ..# #...#
..# #####...# ...#
#.......# #...##
#.###...####......
#.....!..)..##
#....#@.......
#...##c###..##
#.####<# .# ...
#....# ..........#
...####....# ...
.....# ......#
........


You could see a centaur.

Vanquished Creatures
  2 dart slugs (D:1)
  A giant cockroach (D:1)
  2 goblins (D:1)
  2 kobolds (D:1)
  5 bats
  A frilled lizard (D:1)
  2 rats (D:1)
15 creatures vanquished.

Notes
Turn   | Place    | Note
-------+----------+-------------------------------------------
     0 | D:1      | JaketheDog the Golem Monk began the quest for the Orb.
     0 | D:1      | Reached XP level 1. HP: 21/21 MP: 1/1
    80 | D:1      | Reached XP level 2. HP: 18/28 MP: 2/2
   173 | D:2      | Noticed a centaur
   190 | D:2      | Mangled by a centaur

Vault maps used:
D:1:      lemuel_arrival_lava_pool, minmay_tetromino_o4
D:2:      gammafunk_temple_overflow_arena, old_standard_altar,
          serial_corexii_hall, chequers_hall_statues_y, corexii_hall_statues_i,
          minmay_cut_off, uniq_natasha

Skill      XL: |  1  2 |
---------------+-------+-----
Dodging        | 3 |  3.0
Fighting       | |  3.2
Stealth        | |  1.7
Unarmed Combat | |  3.7

Action                   || total
-------------------------++-------
Melee: Unarmed           ||    61
       Punch             ||     2
 Stab: Sleeping          ||     2
Armor: Skin              ||    44
Dodge: Dodged            ||    79

Table legend:
 A = Non-vault XP
 B = Vault XP
 C = Vault XP percentage of total XP
 D = Non-vault monster count
 E = Vault monster count
 F = Vault count percentage of total count
                 A         B        C        D         E       F
            +---------+---------+-------+---------+---------+-------
      Total |      25 |       0 |   0.0 |      15 |       0 |   0.0
            +---------+---------+-------+---------+---------+-------
        D:1 |      24 |       0 |   0.0 |      14 |       0 |   0.0
        D:2 |       1 |       0 |   0.0 |       1 |       0 |   0.0
            +---------+---------+-------+---------+---------+-------
